 Dungeon Crawl Stone Soup version 0.23-a0-358-g98c7a59 (webtiles) character file.

1913 MisterFreud the Nimble (level 8, 0/32 HPs)
             Began as a Felid Transmuter on Oct 22, 2018.
             Was a Believer of Uskayaw.
             Slain by an orc
             ... wielding a +0 war axe
              (11 damage)
             ... on level 9 of the Dungeon.
             The game lasted 00:21:27 (9353 turns).

MisterFreud the Nimble (Felid Transmuter)           Turns: 9353, Time: 00:21:28

Health: 0/32       AC:  2    Str:  8    XL:     8   Next: 95%
Magic:  21/23      EV: 29    Int: 14    God:    Uskayaw [**....]
Gold:   321        SH:  0    Dex: 22    Spells: 5/11 levels left
                                        Lives:  0   Deaths: 2

rFire    . . .     SeeInvis +     - Unarmed
rCold    . . .     Gourm    .   (shield unavailable)
rNeg     . . .     Faith    .   (armour unavailable)
rPois    x         Spirit   .   (helmet unavailable)
rElec    .         Reflect  .   (cloak unavailable)
rCorr    +         Harm     .   (gloves unavailable)
MR       +....                  (boots unavailable)
Stlth    ++++......             (no amulet)
HPRegen  0.10/turn              f - ring of magical power
MPRegen  0.18/turn              q - ring of resist corrosion

@: spider-form
A: tiny, no armour, no weapons or thrown items, stealth, see invisible,
carnivore, slow metabolism 1
a: End Transformation, Stomp, Line Pass, Renounce Religion


You were on level 9 of the Dungeon.
You worshipped Uskayaw.
Uskayaw was noncommittal.
You were completely stuffed.
You were a venomous arachnid creature.
You visited 1 branch of the dungeon, and saw 9 of its levels.
You also visited: Ossuary.

You collected 321 gold pieces.

Inventory:

Missiles
 a - 128 arrows
Jewellery
 f - a ring of magical power (left front leg)
 q - a ring of resist corrosion (right front leg)
Wands
 m - a wand of flame (37)
Scrolls
 d - a scroll of identify
 g - 8 scrolls of remove curse
 i - a scroll of fear {unknown}
 n - a scroll of teleportation {unknown}
 p - a scroll of brand weapon {unknown}
Potions
 h - a potion of flight
 j - a potion of mutation
 k - a potion of resistance
 l - a potion of heal wounds
 o - a potion of haste
 r - a potion of might
Comestibles
 c - 12 rations


   Skills:
 - Level 1.0 Fighting
 - Level 8.0 Dodging
 + Level 7.1 Stealth
 * Level 7.0 Unarmed Combat
 - Level 2.0 Spellcasting
 - Level 6.3 Transmutations
 + Level 6.7 Invocations


You had 5 spell levels left.
You knew the following spells:

 Your Spells              Type           Power        Failure   Level  Hunger
a - Beastly Appendage     Tmut           ###...       8%          1    ##.....
b - Spider Form           Tmut/Pois      ##........   38%         3    ####...
c - Sticks to Snakes      Tmut           ###.....     10%         2    ###....

Your spell library contained the following spells:

 Spells                   Type           Power        Failure   Level  Hunger
 Blade Hands              Tmut           ###.......   65%         5    ######.
 Ice Form                 Ice/Tmut       ##......     75%         4    #####..


Dungeon Overview and Level Annotations

Branches:
Dungeon (9/15)             Temple (0/1) D:5
   Lair: D:8-11         Orc: D:9-12

Altars:
Cheibriados
Gozag
Makhleb
Nemelex Xobeh
Qazlal
Ru
Sif Muna
Trog
Uskayaw
Vehumet
Wu Jian
Xom
Yredelemnul

Shops:
D:8 [


Innate Abilities, Weirdness & Mutations

You cannot wear armour.
You are incapable of wielding weapons or throwing items.
Your paws allow you to move quietly. (Stealth)
((You have sharp claws.))
((You have razor-sharp teeth.))
You have supernaturally acute eyesight. (SInv)
You are carnivorous and can eat meat at any time.
((You cover ground quickly.))
((You are covered in thick fur. (AC +2)))
You have a slow metabolism.
((Your sharp claws are effective at attacking unaware monsters.))


Message History

The orc wizard hits you with a +0 dagger.
The orc priest casts a cantrip, but nothing happens.
You bite the orc wizard!
You kill the orc wizard!
The orc misses you.
You hit the orc.
The orc is poisoned.
The orc is severely wounded.
The orc hits you with a +0 war axe! The orc completely misses you.
You hit the orc but do no damage.
The orc looks as sick as possible!
The orc is severely wounded.
You kill the orc!
The orc hits you with a +0 war axe!
You hit the orc priest.
The orc priest is poisoned.
The orc priest is heavily wounded.
The orc priest closely misses you.
You can now pass through a line of other dancers.
You hit the orc priest but do no damage.
The orc priest is heavily wounded.
The orc hits you with a +0 war axe!
You die...

#...#......#
#...#......####
#...'..........
#...###....#####
###.....#....#...###
#<......#....#.....#
#.......#....#.....#
#.......##...oo....#
#........#...#s....#
#.######.#...#######
..# .#..........
...# #..........
...# #..........
#.oo.......
#.......o..
#..........
#..........


You could see an orc priest and an orc.

Vanquished Creatures
  Sigmund (D:2)
  3 steam dragons (D:6)
  A water moccasin (D:6)
  Purgy (D:3)
  An orc warrior (D:9)
  3 centaurs
  5 ogres
  3 bullfrogs
  A wyvern skeleton (D:8)
  A scorpion (D:6)
  3 killer bees (D:8)
  3 howler monkeys (D:8)
  A crimson imp (D:6)
  Crazy Yiuf (D:3)
  3 orc priests
  A hound (D:4)
  An orc wizard (D:9)
  Natasha (thrice) (D:4)
  Terence (D:2)
  2 iguanas (D:4)
  9 worker ants
  Robin (D:3)
  11 mummies (Ossuary)
  10 adders
  A shadow imp (D:8)
  An adder skeleton (D:4)
  3 worms
  3 dart slugs
  2 leopard geckos
  20 orcs
  2 ball pythons (D:3)
  5 bats
  5 giant cockroaches
  15 goblins
  8 hobgoblins
  4 jackals (D:7)
  11 kobolds
  3 quokkas
  5 frilled lizards
  2 gnoll skeletons (Ossuary)
  3 goblin skeletons (Ossuary)
  A kobold skeleton (Ossuary)
  2 orc skeletons (Ossuary)
  6 rats
  11 rat skeletons (Ossuary)
183 creatures vanquished.

Notes
Turn   | Place    | Note
-------+----------+-------------------------------------------
     0 | D:1      | MisterFreud the Felid Transmuter began the quest for the
                  | Orb.
     0 | D:1      | Reached XP level 1. HP: 9/9 MP: 4/4
   186 | D:1      | Reached skill level 1 in Stealth
   410 | D:1      | Reached XP level 2. HP: 8/12 MP: 6/6
  1299 | D:2      | Noticed Sigmund
  1307 | D:2      | Killed Sigmund
  1307 | D:2      | Reached skill level 5 in Stealth
  1307 | D:2      | Reached XP level 3. HP: 15/15 MP: 7/7
  1307 | D:2      | Reached XP level 4. HP: 19/19 MP: 8/8
  1307 | D:2      | Reached XP level 5. HP: 22/22 MP: 9/9
  1377 | D:2      | Learned a level 3 spell: Spider Form
  1380 | D:2      | Learned a level 2 spell: Sticks to Snakes
  1447 | D:2      | Found a stormy altar of Qazlal.
  1739 | D:2      | Noticed Terence
  1741 | D:2      | Killed Terence
  1745 | D:2      | Found a faded altar of an unknown god.
  2433 | D:3      | Noticed an ogre
  2485 | D:3      | Gained mutation: You are covered in thick fur. (AC +2)
                  | [Felid growth]
  2485 | D:3      | Reached XP level 6. HP: 25/25 MP: 10/10
  2499 | D:3      | Noticed Purgy
  2577 | D:3      | Found a shimmering altar of Xom.
  2710 | D:3      | Noticed Robin
  2809 | D:4      | Found an opulent altar of Gozag.
  2810 | D:4      | Found a sparkling altar of Nemelex Xobeh.
  2811 | D:4      | Found a bloodstained altar of Trog.
  2829 | D:4      | Noticed Natasha
  2839 | D:4      | Killed Natasha
  2936 | D:4      | Noticed Natasha
  2949 | D:4      | Killed Natasha
  3148 | D:4      | Reached skill level 5 in Unarmed Combat
  3350 | D:4      | Reached XP level 7. HP: 8/28 MP: 8/11
  3704 | D:4      | Noticed Natasha
  3711 | D:4      | Killed Natasha
  3711 | D:4      | Reached skill level 5 in Transmutations
  3737 | D:4      | Found a sacrificial altar of Ru.
  3856 | D:4      | Found a basalt altar of Yredelemnul.
  3856 | D:4      | Found a hide-covered altar of Uskayaw.
  3859 | D:4      | Became a worshipper of Uskayaw the Reveler
  4097 | D:3      | Reached * piety under Uskayaw
  4103 | D:3      | Reached ** piety under Uskayaw
  4319 | D:3      | Found a runed door.
  4534 | D:3      | Killed Robin
  4742 | D:3      | Killed Purgy
  4903 | D:3      | Noticed Crazy Yiuf
  4912 | D:3      | Killed Crazy Yiuf
  4912 | D:3      | Reached skill level 3 in Dodging
  5204 | D:5      | Entered Level 5 of the Dungeon
  5208 | D:5      | Found a staircase to the Ecumenical Temple.
  5290 | D:5      | Reached skill level 1 in Invocations
  5293 | D:5      | Found a deep blue altar of Sif Muna.
  5296 | D:5      | Found a burning altar of Makhleb.
  5319 | D:5      | Found a sand-covered staircase.
  5324 | Ossuary  | Entered an ossuary
  5589 | Ossuary  | Slain by a mummy
  5590 | Ossuary  | Reached XP level 6. HP: -4/25 MP: 6/10
  5614 | Ossuary  | Reached XP level 7. HP: 16/28 MP: 3/11
  5716 | Ossuary  | Reached *** piety under Uskayaw
  5936 | Ossuary  | Reached skill level 4 in Dodging
  6366 | D:5      | Reached skill level 5 in Dodging
  6852 | D:5      | Found an ornate altar of the Wu Jian Council.
  6899 | D:6      | Noticed a steam dragon
  6902 | D:6      | Noticed a steam dragon
  6904 | D:6      | Killed a steam dragon
  6904 | D:6      | Reached skill level 6 in Dodging
  6913 | D:6      | Killed a steam dragon
  6913 | D:6      | Reached XP level 8. HP: 14/32 MP: 8/12
  7020 | D:6      | Killed from afar by a steam dragon
  7021 | D:6      | Reached XP level 7. HP: -10/28 MP: 11/11
  7162 | D:6      | Killed a steam dragon
  7162 | D:6      | Reached skill level 7 in Dodging
  7162 | D:6      | Reached skill level 5 in Invocations
  7793 | D:7      | Reached skill level 8 in Dodging
  7793 | D:7      | Reached XP level 8. HP: 14/32 MP: 13/13
  8364 | D:8      | Reached **** piety under Uskayaw
  8500 | D:8      | Noticed a hornet
  8561 | D:8      | Found a radiant altar of Vehumet.
  8770 | D:8      | Found Kayxtes's Antique Armour Shoppe.
  8834 | D:9      | Found a snail-covered altar of Cheibriados.
  9353 | D:9      | Slain by an orc

Vault maps used:
D:1:      scummos_arrival_gate, minmay_quantized
D:2:      grunt_qazlal_clouds, chequers_ecumenical_altar_simple_redux,
          hangedman_decor_riveting, uniq_sigmund, uniq_terence
D:3:      st_stairs_5, xom_teletrap_fun, uniq_robin, uniq_crazy_yiuf_cottage,
          uniq_purgy
D:4:      gammafunk_temple_overflow_elements, lemuel_doored_altar,
          grunt_temple_overflow_open, uniq_natasha
D:5:      nicolae_overflow_hidden_temple, amethyst_overflow_temple_binary,
          minmay_temple_entry_purple_smoke, enter_ossuary_2, first_ration
D:6:      cheibrodos_steamvent, serial_bayou_pond_a
D:8:      lemuel_crystal_altar, lair_entry_dummy, enter_bailey_3, serial_shops,
          shop_fountains
D:9:      cheibriados_altar_1, old_standard_altar
Ossuary:  ossuary_due_small_catacomb

Skill      XL: |  1  2  3  4  5  6  7  8 |
---------------+-------------------------+-----
Stealth        | 1 5 6 7 |  7.1
Unarmed Combat | 4 5 6 7 |  7.0
Transmutations | 3 4 6 |  6.3
Dodging        | 8 |  8.0
Invocations    | 5 6 |  6.7
Fighting       | |  1.0
Spellcasting   | |  2.0

Action                   |  1- 3 |  4- 6 |  7- 9 || total
-------------------------+-------+-------+-------++-------
Melee: Unarmed           |    65 |   133 |   391 ||   589
       Bite              |     1 |     6 |    12 ||    19
       Punch             |       |     1 |     3 ||     4
 Cast: Spider Form       |       |     4 |    28 ||    32
 Abil: End Transformatio |       |       |     1 ||     1
  Use: Potion            |     1 |       |     7 ||     8
       Scroll            |       |     7 |    10 ||    17
 Stab: Sleeping          |     6 |    10 |    33 ||    49
       Distracted        |       |     2 |     1 ||     3
       Paralysed         |       |       |     5 ||     5
  Eat: Chunk             |     6 |     6 |    25 ||    37
Armor: Skin              |    10 |     6 |    50 ||    66
Dodge: Dodged            |    49 |   105 |   327 ||   481

Table legend:
 A = Non-vault XP
 B = Vault XP
 C = Vault XP percentage of total XP
 D = Non-vault monster count
 E = Vault monster count
 F = Vault count percentage of total count
                 A         B        C        D         E       F
            +---------+---------+-------+---------+---------+-------
      Total |    2968 |    1280 |  30.1 |     126 |      57 |  31.1
            +---------+---------+-------+---------+---------+-------
        D:1 |      26 |      12 |  31.6 |      16 |       5 |  23.8
        D:2 |      73 |     259 |  78.0 |      12 |       2 |  14.3
        D:3 |     226 |     228 |  50.2 |      26 |      16 |  38.1
        D:4 |     415 |      36 |   8.0 |      15 |       1 |   6.2
        D:5 |     340 |       0 |   0.0 |      12 |       0 |   0.0
        D:6 |     553 |     534 |  49.1 |      11 |       3 |  21.4
        D:7 |     240 |       0 |   0.0 |       7 |       0 |   0.0
        D:8 |     742 |       0 |   0.0 |      19 |       0 |   0.0
        D:9 |     353 |       0 |   0.0 |       8 |       0 |   0.0
    Ossuary |       0 |     211 | 100.0 |       0 |      30 | 100.0
            +---------+---------+-------+---------+---------+-------
